AoeStats
← zamithdaniel

Lombardia

508951323Analyzed
2v2 RM · 8d ago on Sep 24, 2026· 36m 40s· 4 players
Game mode
Random Map
Map size
Medium (4 player)
Population
200
Speed
Normal
Resources
Standard
Victory
Conquest
Starting age
Dark Age
Ending age
Imperial Age
RankedLock teamsTeams togetherTeam positionsShared explorationLock speedFull tech treeHidden civsTurbo modeCheats
Victory
Defeat
🇫🇷 Tatars · France
1013
+16
🇨🇴 Celts · Colombia
971
+17
🇹🇷 Burgundians · Türkiye
1052
-19
🇹🇷 Tatars · Türkiye
953
-14
Haseki Hürrem Sultan
10:16 Feudal Age
11:56 Loom
15:19 Castle Age
15:29 Double-Bit Axe
17:13 Bow Saw
16:49 Horse Collar
17:46 Heavy Plow
24:16 Padded Archer Armor
24:06 Fletching
27:09 Elite Skirmisher
29:00 Leather Archer Armor
28:41 Bodkin Arrow
Deltamale
10:06 Feudal Age
9:05 Double-Bit Axe
11:17 Loom
15:00 Castle Age
16:11 Husbandry
21:03 Elite Skirmisher
22:31 Fletching
22:43 Padded Archer Armor
26:14 Horse Collar
26:01 Cavalier
28:31 Scale Barding Armor
29:16 Heavy Plow
29:42 Forging
33:31 Bow Saw
35:50 Chain Barding Armor
35:48 Gold Mining
cremolol
8:57 Loom
11:04 Feudal Age
15:34 Castle Age
13:23 Double-Bit Axe
14:12 Fletching
15:24 Padded Archer Armor
15:16 Horse Collar
16:58 Leather Archer Armor
20:26 Bodkin Arrow
24:11 Ballistics
28:09 Bloodlines
29:30 Bow Saw
30:47 Scale Barding Armor
32:33 Husbandry
32:41 Gold Mining
33:27 Forging
34:13 Heavy Plow
35:00 Murder Holes
35:16 Masonry
39:09 Imperial Age
36:25 Town Watch
37:16 Wheelbarrow
37:47 Iron Casting
zamithdaniel
12:05 Feudal Age
12:45 Double-Bit Axe
12:42 Horse Collar
19:46 Castle Age
17:59 Stone Mining
24:22 Forging
24:13 Scale Mail Armor
26:48 Chain Mail Armor
27:08 Iron Casting
Connection lost

Rejoining the realm…

Still unreachable

The connection could not be restored.

Session expired

The server has moved on; the page needs a fresh start.